 Dungeon Crawl Stone Soup version 0.19-a0-904-ga29959e (webtiles) character file.

392 MrRokkomies the Bolt Thrower (level 6, -5/37 HPs)
             Began as a Tengu Hunter on July 5, 2016.
             Slain by an iguana (9 damage)
             ... on level 4 of the Dungeon.
             The game lasted 00:09:02 (3868 turns).

MrRokkomies the Bolt Thrower (Tengu Hunter)         Turns: 3868, Time: 00:09:03

Health: -5/37      AC:  6    Str: 13    XL:     6   Next: 80%
Magic:  7/7        EV: 11    Int: 12    God:
Gold:   209        SH:  0    Dex: 15    Spells: 2 memorised, 1 level left

rFire  . . .     SeeInvis .     a - +0 spear
rCold  . . .     Gourm    .     k - +0 ring mail
rNeg   . . .     Faith    .     (no shield)
rPois  .         Spirit   .     (helmet restricted)
rElec  .         Dismiss  .     p - +0 cloak
rCorr  .         Reflect  .     (no gloves)
SustAt .         Harm     .     (boots unavailable)
MR     .....                    (no amulet)
Stlth  +.........               (no ring)
                                u - ring of wizardry

@: repel missiles, not resistant to hostile enchantments, very unstealthy
A: beak, talons 3, able to fly 1
a: Fly


You were on level 4 of the Dungeon.
You were not hungry.

You visited 1 branch of the dungeon, and saw 4 of its levels.

You collected 209 gold pieces.

Inventory:

Hand Weapons
 a - a +0 spear (weapon)
 b - a +1 hand crossbow
Missiles
 d - 19 bolts
Armour
 k - a +0 ring mail (worn)
 p - a +0 cloak (worn)
Jewellery
 u - a ring of wizardry (left hand)
Wands
 s - a wand of slowing (26/48)
Scrolls
 g - 2 scrolls of magic mapping
 o - a scroll of enchant armour {unknown}
 t - a scroll of noise {unknown}
Potions
 e - a potion of might
 h - 3 potions of curing
 i - a potion of heal wounds
 j - a potion of cancellation
 l - a potion of flight {unknown}
 n - a potion of brilliance {unknown}
 q - a potion of resistance {unknown}
Books
 m - a book of Minor Magic

   Spells                             Type                      Level
   a - Magic Dart                     Conjuration                  1
   b - Blink                          Translocation                2
   c - Call Imp                       Summoning                    2
   d - Repel Missiles                 Charms/Air                   2
   e - Slow                           Hexes                        2
   f - Conjure Flame                  Conjuration/Fire             3
   g - Mephitic Cloud                 Conjuration/Poison/Air       3
Comestibles
 c - 2 meat rations
 f - 3 bread rations
 r - a beef jerky


   Skills:
 - Level 3.2 Fighting
 * Level 4.1 Polearms
 * Level 6.8 Crossbows
 - Level 2.1 Dodging
 - Level 1.0 Stealth


You had one spell level left.
You knew the following spells:

 Your Spells              Type           Power        Failure   Level  Hunger
a - Blink                 Tloc           N/A          61%         2    ###....
b - Repel Missiles        Chrm/Air       #.....       61%         2    ###....


Dungeon Overview and Level Annotations

Branches:
Dungeon (4/15)
 Temple: D:4-7

Altars:

Annotations:
D:4 Dowan, Duvessa


Innate Abilities, Weirdness & Mutations

You have a beak for a mouth.
You have claws for feet.
You can fly.


Message History

You are too injured to fight recklessly!
You are too injured to fight recklessly!
You are too injured to fight recklessly!
You hit the iguana but do no damage. You claw the iguana.
The iguana is heavily wounded.
The iguana barely misses you.
You hit the iguana. Your peck misses the iguana.
The iguana is severely wounded.
The iguana bites you.
You hit the iguana. Your peck misses the iguana.
The iguana is almost dead.
The iguana bites you!
* * * LOW HITPOINT WARNING * * *
You barely miss the iguana. You claw the iguana, but do no damage.
The iguana is almost dead.
The iguana closely misses you.
You completely miss the iguana. You peck the iguana, but do no damage.
The iguana is almost dead.
The iguana bites you!
You die...

#######'######<
...'........... ...#
...#........>.[ ....#
...#........... ....#
...#........... ....#
'######.#######+ #...#
......#.######..##...##
......#...............#
......#........l@.....#
.†....######..>.##..###
#####.....########..#
<...#.....#......#..#
....'.....#......'..#
#####.....#####'###+#...
..........†.............
........................
..................>.....


You could see an iguana.

Vanquished Creatures
  A scorpion (D:4)
  An orc priest (D:3)
  Natasha (D:4)
  Ijyb (D:3)
  2 worker ants (D:4)
  A hound skeleton (D:4)
  12 adders
  2 oozes
  3 worms (D:3)
  4 dart slugs
  2 giant geckos
  2 orcs (D:3)
  4 ball pythons
  7 bats
  3 giant cockroaches
  4 goblins
  10 hobgoblins
  4 jackals
  3 giant newts
  8 kobolds
  9 rats
84 creatures vanquished.

Notes
Turn   | Place    | Note
-------+----------+-------------------------------------------
     0 | D:1      | MrRokkomies the Tengu Hunter began the quest for the Orb.
     0 | D:1      | Reached XP level 1. HP: 12/12 MP: 2/2
   102 | D:1      | Reached XP level 2. HP: 10/18 MP: 3/3
   519 | D:1      | Reached XP level 3. HP: 18/22 MP: 4/4
  1021 | D:2      | Reached skill level 5 in Crossbows
  1028 | D:2      | Reached XP level 4. HP: 13/28 MP: 5/5
  1347 | D:2      | Reached skill level 1 in Polearms
  1467 | D:2      | Learned a level 2 spell: Blink
  2108 | D:2      | Gained mutation: You can fly. [Tengu growth]
  2108 | D:2      | Reached XP level 5. HP: 31/32 MP: 6/6
  2124 | D:2      | Learned a level 2 spell: Repel Missiles
  2208 | D:3      | Noticed Ijyb
  2219 | D:3      | Killed Ijyb
  2853 | D:3      | Reached skill level 6 in Crossbows
  3066 | D:3      | Reached XP level 6. HP: 17/37 MP: 7/7
  3135 | D:4      | Noticed Dowan
  3137 | D:4      | Noticed Duvessa
  3668 | D:4      | Noticed Natasha
  3682 | D:4      | Killed Natasha
  3868 | D:4      | Slain by an iguana

Vault maps used:
D:1:      dpeg_arrival_brainrot, minmay_misc_feat_pillars
D:3:      first_bread, minmay_misc_feat_nine_boxes, uniq_iyjb
D:4:      hangedman_decor_riveting, uniq_natasha, uniq_duvessa

Skill      XL: |  1  2  3  4  5  6 |
---------------+-------------------+-----
Fighting       | 3 |  3.2
Crossbows      | 5 6 |  6.8
Polearms       | 2 3 4 |  4.1
Dodging        | |  2.1
Stealth        | |  1.0

Action                   |  1- 3 |  4- 6 || total
-------------------------+-------+-------++-------
Melee: Short sword       |    31 |       ||    31
       Kick              |    14 |    70 ||    84
       Peck              |    14 |    47 ||    61
       Spear             |    43 |   286 ||   329
 Fire: Hand crossbow     |       |    10 ||    10
 Cast: Repel Missiles    |       |     1 ||     1
  Use: Scroll            |     2 |     5 ||     7
       Potion            |     1 |       ||     1
 Stab: Sleeping          |     1 |     4 ||     5
  Eat: Chunk             |       |     6 ||     6
       Bread ration      |       |     1 ||     1
Armor: Leather armour    |     3 |       ||     3
       Ring mail         |     8 |    84 ||    92
Dodge: Dodged            |    41 |   144 ||   185
